[Event "Team 45 45 League T60"]
[Site "Internet Chess Club"]
[Date "2014.04.06"]
[Round "6"]
[White "fhunfi"]
[Black "fledermaus"]
[Result "1/2-1/2"]
[WhiteElo "1991"]
[BlackElo "1927"]
[Opening "Sicilian defense"]
[ECO "B40"]
[Time "09:06:39"]
[TimeControl "2700+45"]

1. e4 c5 2. Nf3 e6 3. b3 d6 4. Bb2 Nf6 5. e5 dxe5 6. Nxe5 Be7 7. Bb5+ Nbd7 8.
O-O O-O 9. Bxd7 Nxd7 10. Nxd7 Bxd7 11. d3 Bf6 12. Bxf6 Qxf6 13. Nd2 Bc6 14. Qe2
Rad8 15. Ne4 Qd4 16. Rfd1 b6 17. Qe1 Rd7 18. Kf1 Rfd8 19. f3 Qe5 20. Qg3 Qxg3
21. Nxg3 e5 {Game drawn by mutual agreement} 1/2-1/2

[Event "Team 45 45 League T60"]
[Site "Internet Chess Club"]
[Date "2014.04.07"]
[Round "6"]
[White "Beefstick"]
[Black "RubberDuck"]
[Result "0-1"]
[WhiteElo "1548"]
[BlackElo "1909"]
[Opening "Sicilian"]
[ECO "B50"]
[Time "13:00:30"]
[TimeControl "2700+45"]

1. e4 c5 2. Nf3 d6 3. g3 Nc6 4. Bg2 g6 5. O-O Bg7 6. d3 Nf6 7. c3 O-O 8. Be3 Bd7
9. Nbd2 Rc8 10. Qe2 a6 11. a3 b5 12. b4 Ng4 13. Rfc1 Nxe3 14. Qxe3 Ne5 15. Nxe5
Bxe5 16. d4 cxd4 17. cxd4 Bg7 18. Nf3 Qb6 19. Rab1 e5 20. d5 Qxe3 21. fxe3 f5
22. Nd2 Bh6 23. Re1 Rc2 24. Nf1 Rfc8 25. exf5 Bxf5 26. e4 Bd7 27. Bf3 Bh3 28.
Ne3 R2c3 29. Kf2 Rxa3 30. Ng4 Rxf3+ 31. Kxf3 Rf8+ 32. Ke2 Bxg4+ 33. Kd3 Rf3+ 34.
Kc2 Rf2+ 35. Kb3 Rxh2 36. Ra1 Rh3 37. Rxa6 Rxg3+ 38. Kc2 Bf8 39. Rb6 h5 40. Rxb5
h4 41. Ra5 h3 42. b5 h2 43. b6 Rg1 44. Raa1 h1=Q 45. Rxg1 Qxe4+ 46. Kc3 Qd4+ 47.
Kc2 Bf5+ 48. Kb3 Qxb6+ {White resigns} 0-1

[Event "Team 45 45 League T60"]
[Site "Internet Chess Club"]
[Date "2014.04.05"]
[Round "6"]
[White "gcl"]
[Black "Timotheous"]
[Result "1/2-1/2"]
[WhiteElo "1733"]
[BlackElo "1751"]
[Opening "Caro-Kann defense"]
[ECO "B12"]
[Time "08:26:10"]
[TimeControl "2700+45"]

1. e4 c6 2. d4 d6 3. Nf3 Qc7 4. c4 e5 5. Nc3 Nf6 6. d5 Bg4 7. h3 Bxf3 8. Qxf3
Nbd7 9. Bd3 Be7 10. O-O h6 11. Qg3 Nh5 12. Qf3 Nhf6 {Game drawn by mutual
agreement} 1/2-1/2

[Event "Team 45 45 League T60"]
[Site "Internet Chess Club"]
[Date "2014.04.06"]
[Round "6"]
[White "Greedy-Reedy"]
[Black "chess9397"]
[Result "0-1"]
[WhiteElo "1936"]
[BlackElo "1765"]
[Opening "Ruy Lopez: Anderssen variation"]
[ECO "C77"]
[Time "12:27:22"]
[TimeControl "2700+45"]

1. e4 e5 2. Nf3 Nc6 3. Bb5 a6 4. Ba4 Nf6 5. d3 b5 6. Bb3 Bc5 7. O-O O-O 8. c3 d6
9. Bg5 Bg4 10. h3 Bh5 11. Nbd2 Qd7 12. Re1 h6 13. Bxf6 gxf6 14. Nf1 Kh7 15. Ng3
Rg8 16. Nf5 Ne7 17. g4 Nxf5 18. exf5 Qxf5 19. d4 Bb6 20. Bc2 Bxg4 21. hxg4 Rxg4+
22. Kf1 e4 23. Re3 d5 24. Nd2 Rag8 25. Ke2 Rf4 26. Qf1 c5 27. Nb3 cxd4 28. Nxd4
Bxd4 29. cxd4 Rc8 30. Rc3 Rxc3 31. bxc3 Qg4+ 32. f3 Rxf3 33. Qc1 Rh3+ 34. Kd2
Qg2+ {White resigns} 0-1

[Event "Team 45 45 League T60"]
[Site "Internet Chess Club"]
[Date "2014.04.07"]
[Round "6"]
[White "DouDou"]
[Black "IshanR"]
[Result "0-1"]
[WhiteElo "1824"]
[BlackElo "1790"]
[Opening "Ruy Lopez: Schliemann defense"]
[ECO "C63"]
[Time "23:45:28"]
[TimeControl "2700+45"]

1. e4 e5 2. Nf3 Nc6 3. Bb5 f5 4. exf5 e4 5. Ng1 Nf6 6. d3 Nd4 7. Ba4 Nxf5 8.
dxe4 Nxe4 9. Nf3 Bb4+ 10. c3 Bc5 11. O-O O-O 12. Nbd2 d5 13. Qb3 Nxf2 14. Rxf2
c6 15. Ne4 Bxf2+ 16. Nxf2 b5 17. Bg5 Qa5 18. Bxb5 Qxb5 19. Nd4 Nxd4 20. cxd4 Rb8
21. Qxb5 Rxb5 22. b3 c5 23. dxc5 Rf5 24. Be3 Re5 25. Bd4 Re2 26. a3 Rxb3 27. Kf1
Rd2 28. Ke1 Rxd4 {White resigns} 0-1

[Event "Team 45 45 League T60"]
[Site "Internet Chess Club"]
[Date "2014.04.05"]
[Round "6"]
[White "jrobic7"]
[Black "hood"]
[Result "0-1"]
[WhiteElo "1744"]
[BlackElo "1850"]
[Opening "Ruy Lopez: Wormald (Alapin) attack"]
[ECO "C77"]
[Time "22:00:12"]
[TimeControl "2700+45"]

1. e4 e5 2. Nf3 Nc6 3. Bb5 a6 4. Ba4 Nf6 5. Qe2 b5 6. Bb3 Bc5 7. d3 h6 8. c3 d6
9. O-O O-O 10. Be3 Bxe3 11. fxe3 Re8 12. Nbd2 Bg4 13. h3 Bh5 14. Rf2 Qd7 15. Nf1
Ne7 16. Ng3 Bg6 17. Nh4 Kh8 18. Nxg6+ Nxg6 19. Nh5 Nxh5 20. Rxf7 Nhf4 21. exf4
Nxf4 22. Qf3 Re7 23. Rxe7 Qxe7 24. d4 Rf8 25. Rf1 Rf6 26. Qg4 Qe8 27. dxe5 dxe5
28. Rf2 Rg6 29. Qh4 Qd7 30. Kh2 Rg5 31. g4 Rg6 32. Qg3 Rd6 33. Rxf4 exf4 34.
Qxf4 Rf6 35. Qe5 Qd2+ 36. Kg3 Qf2# {White checkmated} 0-1

[Event "Team 45 45 League T60"]
[Site "Internet Chess Club"]
[Date "2014.04.02"]
[Round "6"]
[White "joebobpop"]
[Black "tightfist"]
[Result "1-0"]
[WhiteElo "1904"]
[BlackElo "1675"]
[Opening "French: Tarrasch, open variation"]
[ECO "C07"]
[Time "22:32:17"]
[TimeControl "2700+45"]

1. e4 e6 2. d4 d5 3. Nd2 c5 4. exd5 Qxd5 5. Ngf3 cxd4 6. Bc4 Qc5 7. O-O Nf6 8.
Be2 Nc6 9. Nb3 Qb6 10. Nfxd4 Nxd4 11. Qxd4 Qxd4 12. Nxd4 Bd7 13. Be3 a6 14. Bf3
Nd5 15. Bd2 b5 16. Rfe1 Rc8 17. Bxd5 Bc5 18. Nb3 Bb6 19. c3 O-O 20. Bf3 Rfd8 21.
Be3 Bxe3 22. Rxe3 Rc7 23. Rd1 Kf8 24. Red3 Ke7 25. Na5 Rb8 26. Rxd7+ Rxd7 27.
Nc6+ Ke8 28. Rxd7 Rc8 29. Rb7 g6 30. Rb8 Kd7 31. Rxc8 Kxc8 32. Ne5 f6 33. Nc6
Kc7 34. Nb4 Kb6 35. g4 a5 36. Nd3 Kc7 37. Nf4 Kd6 38. Be2 e5 39. Nxg6 hxg6 40.
Bxb5 Kc5 41. c4 g5 42. b3 Kd4 43. a3 Kc5 44. f3 Kd4 45. b4 a4 46. c5 Kd5 47. c6
Kd6 48. Bxa4 Kc7 49. b5 Kb6 50. Bb3 Kc7 51. a4 Kb6 52. a5+ Kc7 53. a6 Kb6 54.
Kf2 Kc7 55. a7 {Black resigns} 1-0

[Event "Team 45 45 League T60"]
[Site "Internet Chess Club"]
[Date "2014.04.04"]
[Round "6"]
[White "CuatroPrincesas"]
[Black "jjmolina"]
[Result "1-0"]
[WhiteElo "2201"]
[BlackElo "1827"]
[Opening "Scotch: Schmidt variation"]
[ECO "C45"]
[Time "16:00:08"]
[TimeControl "2700+45"]

1. e4 e5 2. Nf3 Nc6 3. d4 exd4 4. Nxd4 Nf6 5. Nc3 Bb4 6. Nxc6 bxc6 7. Bd3 d5 8.
exd5 cxd5 9. O-O O-O 10. Bg5 Be7 11. Bxf6 Bxf6 12. Qh5 g6 13. Qxd5 Qxd5 14. Nxd5
Bxb2 15. Rab1 Be5 16. Rfe1 Bd6 17. Be4 c6 18. Nf6+ Kg7 19. Bxc6 Rb8 20. Ne8+
Rxe8 21. Bxe8 {Black resigns} 1-0

[Event "Team 45 45 League T60"]
[Site "Internet Chess Club"]
[Date "2014.04.07"]
[Round "6"]
[White "primerpaso"]
[Black "f5"]
[Result "1-0"]
[WhiteElo "1947"]
[BlackElo "2119"]
[Opening "English: Anglo-Dutch defense"]
[ECO "A87"]
[Time "19:11:59"]
[TimeControl "2700+45"]

1. c4 f5 2. Nc3 Nf6 3. g3 g6 4. Bg2 Bg7 5. d4 d6 6. Nf3 O-O 7. O-O Qe8 8. b3 e5
9. e3 e4 10. Nd2 Na6 11. f3 exf3 12. Nxf3 c6 13. Re1 Ne4 14. Nxe4 fxe4 15. Ng5
d5 16. Ba3 Rf5 17. Nh3 Be6 18. Qe2 Qd7 19. Nf4 Rf7 20. Nxe6 Qxe6 21. Rf1 Rxf1+
22. Rxf1 Nc7 23. h4 b5 24. cxb5 Nxb5 25. Bc5 Bf8 26. Rxf8+ Rxf8 27. Bxf8 Kxf8
28. Qf1+ Qf7 29. Bh3 Nc3 30. a4 Na2 31. Qe1 Kg7 32. Qd2 Qf3 33. Kh2 h5 34. Bg2
Qg4 35. Qxa2 g5 36. Qf2 {Black resigns} 1-0

[Event "Team 45 45 League T60"]
[Site "Internet Chess Club"]
[Date "2014.04.07"]
[Round "6"]
[White "LittleButton"]
[Black "VictorRed"]
[Result "0-1"]
[WhiteElo "1876"]
[BlackElo "1830"]
[Opening "QGD Slav: 4.Nc3"]
[ECO "D15"]
[Time "16:02:12"]
[TimeControl "2700+45"]

1. d4 d5 2. Nf3 Nf6 3. c4 c6 4. Nc3 Bg4 5. Ne5 Bh5 6. cxd5 Nxd5 7. Nxd5 Qxd5 8.
f3 Nd7 9. e4 Qa5+ 10. Bd2 Qc7 11. Nd3 e6 12. Be2 Bd6 13. e5 Be7 14. O-O Nb6 15.
Rc1 Qd7 16. Nf4 Qxd4+ 17. Kh1 Bg6 18. Nxg6 hxg6 19. Bc3 Qh4 20. h3 Nd5 21. Be1
Qg5 22. Qd4 Nf4 23. Qf2 Nxh3 {White resigns} 0-1

[Event "Team 45 45 League T60"]
[Site "Internet Chess Club"]
[Date "2014.04.04"]
[Round "6"]
[White "Baseta"]
[Black "zugknightly"]
[Result "1-0"]
[WhiteElo "1824"]
[BlackElo "1853"]
[Opening "King's Indian: fianchetto, classical variation"]
[ECO "E67"]
[Time "18:12:51"]
[TimeControl "2700+45"]

1. Nf3 Nf6 2. c4 g6 3. g3 Bg7 4. Bg2 O-O 5. Nc3 d6 6. d4 Nbd7 7. O-O e5 8. dxe5
dxe5 9. e4 a6 10. h3 c6 11. Be3 Qe7 12. Qc2 b5 13. cxb5 axb5 14. Rfd1 Bb7 15. a3
Rfd8 16. b4 Rac8 17. Qb3 h6 18. a4 bxa4 19. Rxa4 Ra8 20. Nd2 Rxa4 21. Nxa4 Ra8
22. Nc5 Nxc5 23. Bxc5 Qc7 24. Nc4 Bf8 25. Bxf8 Kxf8 26. Qc3 Nd7 27. Qd2 Nb6 28.
Qxh6+ Kg8 29. Ne3 Qe7 30. h4 Qxb4 31. h5 Qf8 32. Qg5 Qg7 33. h6 f6 34. Qg4 Qxh6
35. Qe6+ Kh7 36. Qxf6 Qg7 37. Qxg7+ Kxg7 38. Rb1 {Black resigns} 1-0

[Event "Team 45 45 League T60"]
[Site "Internet Chess Club"]
[Date "2014.04.04"]
[Round "6"]
[White "Nb4"]
[Black "chess9793"]
[Result "1/2-1/2"]
[WhiteElo "1990"]
[BlackElo "2130"]
[Opening "Grünfeld: modern exchange variation"]
[ECO "D85"]
[Time "15:00:29"]
[TimeControl "2700+45"]

1. d4 Nf6 2. c4 g6 3. Nc3 d5 4. cxd5 Nxd5 5. e4 Nxc3 6. bxc3 Bg7 7. Nf3 c5 8.
Rb1 O-O 9. Be2 cxd4 10. cxd4 Qa5+ 11. Qd2 Qxd2+ 12. Bxd2 b6 13. O-O Bb7 14. d5
Ba6 15. Rfe1 Bxe2 16. Rxe2 Rc8 17. Bb4 Rc7 18. e5 Na6 19. d6 Rd7 20. Ba3 exd6
21. Bxd6 Re8 22. Rbe1 Nc5 23. Bxc5 bxc5 24. g3 h5 25. h4 c4 26. Rc2 Rc7 27. Re4
Rec8 28. Kf1 Kf8 29. Nd4 Re7 30. Nf3 c3 31. Re3 Rec7 32. Nd4 Rd7 33. Nf3 Rdc7
34. Nd4 Rd7 35. Nf3 Rd1+ 36. Kg2 Rd5 37. Rexc3 Rxc3 38. Rxc3 Bxe5 39. Nxe5 Rxe5
40. Rc4 Ra5 41. a4 Ke7 42. Kf3 Kd6 43. Ke3 Re5+ 44. Kd3 Re1 45. Rf4 f5 46. Rc4
Ra1 47. Rd4+ Ke6 48. Rc4 Kd6 49. Rd4+ Ke6 50. Rc4 Kd6 {Game drawn by repetition}
1/2-1/2

[Event "Team 45 45 League T60"]
[Site "Internet Chess Club"]
[Date "2014.04.03"]
[Round "6"]
[White "lioric"]
[Black "LiangLiang"]
[Result "0-1"]
[WhiteElo "1812"]
[BlackElo "1874"]
[Opening "Giuoco Pianissimo"]
[ECO "C55"]
[Time "17:00:25"]
[TimeControl "2700+45"]

1. e4 e5 2. Nf3 Nc6 3. Bc4 Nf6 4. d3 Bc5 5. c3 d6 6. b4 Bb6 7. a4 a5 8. b5 Ne7
9. Bb3 O-O 10. Nbd2 c6 11. bxc6 Nxc6 12. Nc4 Bc7 13. Bg5 h6 14. Bh4 Be6 15. Ne3
Qe7 16. O-O Bd8 17. Nd5 Bxd5 18. exd5 Nb8 19. d4 Qc7 20. dxe5 dxe5 21. c4 Nbd7
22. Bg3 Be7 23. Re1 Bd6 24. Nd2 Rfe8 25. Qe2 Nc5 26. Bc2 Re7 27. Bh4 Ncd7 28.
Ne4 g5 29. Bg3 Rc8 30. Bd3 Kg7 31. Rab1 b6 32. Rb3 Rce8 33. Reb1 Rb8 34. f3 Nc5
35. Nxc5 Bxc5+ 36. Bf2 Qd6 37. Rb5 Bxf2+ 38. Qxf2 Nd7 39. h4 Nc5 40. Bc2 Ree8
41. hxg5 hxg5 42. Qd2 f6 43. Kf2 e4 44. Re1 exf3 45. Rxe8 Rxe8 46. Bd1 Ne4+
{White resigns} 0-1

[Event "Team 45 45 League T60"]
[Site "Internet Chess Club"]
[Date "2014.04.05"]
[Round "6"]
[White "joebobpop"]
[Black "LazyPeon"]
[Result "0-1"]
[WhiteElo "1885"]
[BlackElo "1781"]
[Opening "Sicilian: Najdorf, Opocensky variation"]
[ECO "B92"]
[Time "13:35:17"]
[TimeControl "2700+45"]

1. e4 c5 2. Nf3 d6 3. d4 cxd4 4. Nxd4 Nf6 5. Nc3 a6 6. Be2 e5 7. Nb3 Be7 8. Be3
Be6 9. O-O O-O 10. f3 Nbd7 11. Qd2 Qc7 12. Rac1 Nb6 13. Rfd1 d5 14. exd5 Nbxd5
15. Nxd5 Nxd5 16. c4 Nxe3 17. Qxe3 a5 18. Kh1 h6 19. Qf2 Rfd8 20. Bd3 a4 21. Na1
Bg5 22. Rc3 Rd7 23. Qe2 Rad8 24. Re1 Rd4 25. Nc2 R4d7 26. Na3 Bf6 27. Nb5 Qc5
28. Qe4 Rxd3 29. Rxd3 Rxd3 30. Qxd3 Bxc4 31. Rc1 Bxb5 32. Qb1 Bd3 33. Rxc5 Bxb1
34. Rc8+ Kh7 35. Rc7 Bxa2 36. Rxb7 Bb3 37. Rd7 e4 38. fxe4 Bxb2 39. Ra7 a3
{White resigns} 0-1

[Event "Team 45 45 League T60"]
[Site "Internet Chess Club"]
[Date "2014.04.06"]
[Round "6"]
[White "Wargasm"]
[Black "yummy2"]
[Result "1/2-1/2"]
[WhiteElo "2235"]
[BlackElo "2359"]
[Opening "Ruy Lopez: exchange variation, 5.O-O"]
[ECO "C68"]
[Time "14:00:28"]
[TimeControl "2700+45"]

1. e4 e5 2. Nf3 Nc6 3. Bb5 a6 4. Bxc6 dxc6 5. O-O Qf6 6. d4 exd4 7. Bg5 Qd6 8.
Nxd4 Be7 9. Bxe7 Nxe7 10. Nc3 O-O 11. Nde2 Qb4 12. Qd4 Qxd4 13. Nxd4 c5 14. Nde2
Be6 15. Nf4 Rad8 16. Rfd1 Rd4 17. Nfe2 Rdd8 18. Nf4 Rd4 19. Nfe2 Rdd8 20. Nf4
{Game drawn by repetition} 1/2-1/2

[Event "Team 45 45 League T60"]
[Site "Internet Chess Club"]
[Date "2014.04.09"]
[Round "6"]
[White "CuatroPrincesas"]
[Black "steadman"]
[Result "1/2-1/2"]
[WhiteElo "2200"]
[BlackElo "2190"]
[Opening "Sicilian: Taimanov variation"]
[ECO "B48"]
[Time "16:06:52"]
[TimeControl "2700+45"]

1. e4 c5 2. Nf3 e6 3. d4 cxd4 4. Nxd4 Nc6 5. Nc3 Qc7 6. Be3 a6 7. Bd3 Nf6 8. O-O
Nxd4 9. Bxd4 Bc5 10. Bxc5 Qxc5 11. Kh1 d6 12. f4 e5 13. Qe1 Be6 14. f5 Bd7 15.
Qh4 Bc6 16. a3 O-O 17. Rae1 Rad8 18. Rf3 h6 19. Ree3 Kh8 20. Rh3 d5 21. Reg3 Qf2
22. Ne2 Qf1+ 23. Ng1 Qf4 24. exd5 Qxh4 25. Rxh4 Bxd5 26. Re3 e4 27. Be2 Bc6 28.
c4 Rd2 29. b4 Rfd8 30. Rf4 R8d4 31. Rf1 Bd7 32. h3 Kg8 33. g4 Rc2 34. Rb1 Be8
35. Rbb3 Bc6 36. Rbc3 Rb2 37. Rc1 Rd3 38. Rc3 Rd4 39. Rc1 Rd3 40. Rc3 Rd4 {Game
drawn by repetition} 1/2-1/2

[Event "Team 45 45 League T60"]
[Site "Internet Chess Club"]
[Date "2014.04.08"]
[Round "6"]
[White "Pomberito"]
[Black "NFork"]
[Result "1-0"]
[WhiteElo "2164"]
[BlackElo "2144"]
[Opening "Caro-Kann: advance variation"]
[ECO "B12"]
[Time "13:01:00"]
[TimeControl "2700+45"]

1. e4 c6 2. d4 d5 3. e5 c5 4. Nf3 Nc6 5. c4 cxd4 6. Nxd4 e6 7. Nc3 Bc5 8. Nxc6
bxc6 9. Qg4 Bf8 10. Bg5 Qb6 11. O-O-O Rb8 12. Rd2 h5 13. Qd1 Bb4 14. Qc2 Nh6 15.
a3 Bxc3 16. Qxc3 Nf5 17. Kb1 d4 18. Qc2 Qc5 19. Bd3 O-O 20. Re1 Qxa3 21. Bxf5
exf5 22. Rxd4 Be6 23. Re3 Qc5 24. Rh4 Rb4 25. Rc3 Rfb8 26. Bc1 Qxe5 27. Rxh5 Qe1
28. Ka2 Qf1 29. b3 a5 30. Rch3 f6 31. Rh8+ Kf7 32. Rxb8 Rxb8 33. Rc3 Qxg2 34. f3
Qf1 35. Bf4 Rd8 36. Bc7 Rd1 37. Kb2 Re1 38. Qd3 Qf2+ 39. Rc2 Qg1 40. Bxa5 Rb1+
41. Kc3 Qe1+ 42. Rd2 Qe5+ 43. Kb4 c5+ 44. Kb5 Qb8+ 45. Bb6 Ra1 46. Qd8 Qxd8 47.
Rxd8 Rb1 48. Rd3 f4 49. Bxc5 Bf5 50. Rc3 Rb2 51. h4 Bc2 52. b4 g5 53. hxg5 fxg5
54. Kc6 g4 55. fxg4 Be4+ 56. Kc7 f3 57. b5 f2 58. Bxf2 Rxf2 59. b6 Rg2 60. b7
Bxb7 61. Kxb7 Rxg4 62. c5 Rb4+ 63. Kc7 Ke6 64. c6 Rb1 65. Re3+ Kd5 66. Kd7 Kd4
67. Re7 {Black resigns} 1-0

[Event "Team 45 45 League T60"]
[Site "Internet Chess Club"]
[Date "2014.04.06"]
[Round "6"]
[White "junard"]
[Black "CHENENE"]
[Result "1/2-1/2"]
[WhiteElo "2030"]
[BlackElo "1657"]
[Opening "QGD Slav: 4.Nc3"]
[ECO "D15"]
[Time "10:15:07"]
[TimeControl "2700+45"]

1. d4 d5 2. Nf3 Nf6 3. c4 c6 4. Nc3 a6 5. a4 e6 6. Bg5 Be7 7. e3 O-O 8. Bd3 h6
9. Bh4 a5 10. Rc1 Na6 11. Qe2 Nb4 12. cxd5 exd5 13. O-O Bg4 14. Bb1 Re8 15. h3
Bxf3 16. Qxf3 Ne4 17. Bxe7 Qxe7 18. Nxe4 dxe4 19. Qf5 Qe6 20. Qxe6 Rxe6 21. Rc5
g6 22. Rfc1 f5 23. g4 fxg4 24. hxg4 Kf7 25. Kg2 Kf6 26. Rh1 b6 27. Rc3 Kg7 28.
Rh3 Rf8 29. f3 exf3+ 30. Rxf3 Nd5 31. Rb3 Nb4 32. Rxf8 Kxf8 33. Kf2 Ke7 34. e4
Kf6 35. Rh3 Kg5 36. e5 Re8 37. Rf3 c5 38. Rf6 cxd4 39. Rxg6+ Kf4 40. Rxh6 Rxe5
41. Rd6 d3 42. Bxd3 Nxd3+ 43. Rxd3 Kxg4 {Game drawn by mutual agreement} 1/2-1/2

[Event "Team 45 45 League T60"]
[Site "Internet Chess Club"]
[Date "2014.04.06"]
[Round "6"]
[White "Gater-Nation"]
[Black "zigzag2002"]
[Result "0-1"]
[WhiteElo "1978"]
[BlackElo "2032"]
[Opening "Sicilian: Najdorf, 6.Bg5"]
[ECO "B94"]
[Time "17:05:43"]
[TimeControl "2700+45"]

1. e4 c5 2. Nf3 d6 3. d4 cxd4 4. Nxd4 Nf6 5. Nc3 a6 6. Bg5 Nbd7 7. f4 Qc7 8. Qf3
b5 9. Bd3 Bb7 10. O-O-O e6 11. Rhe1 Be7 12. Qg3 b4 13. Nd5 exd5 14. exd5 Kd8 15.
Nc6+ Bxc6 16. dxc6 Nc5 17. Bh4 Rg8 18. Bxh7 Rh8 19. Qxg7 Rxh7 20. Qxf6 Rxh4 21.
Qxf7 Rh8 22. Re5 Na4 23. Re6 Nc5 24. Re5 Na4 25. Re3 Ra7 26. Rde1 Qxc6 27. Rxe7
Rxe7 28. Qxe7+ Kc8 29. h4 Nc5 30. Kb1 Qc7 31. Qg5 Qd8 32. Qd5 Kc7 33. g3 Qf6 34.
h5 Rh7 35. Qa8 Rxh5 36. Re8 Nb7 37. Re1 Qe6 38. Rc1 Rh3 39. Qxa6 Rxg3 40. Qb5
Qe4 {White resigns} 0-1

[Event "Team 45 45 League T60"]
[Site "Internet Chess Club"]
[Date "2014.04.05"]
[Round "6"]
[White "f5"]
[Black "irock"]
[Result "1/2-1/2"]
[WhiteElo "2144"]
[BlackElo "1867"]
[Opening "Catalan opening"]
[ECO "E00"]
[Time "22:06:59"]
[TimeControl "2700+45"]

1. d4 Nf6 2. c4 e6 3. g3 Bb4+ 4. Bd2 Qe7 5. Bg2 Nc6 6. Nf3 Bxd2+ 7. Qxd2 Ne4 8.
Qc2 Qb4+ 9. Kf1 d5 10. b3 O-O 11. e3 a5 12. a3 Qe7 13. Kg1 Nf6 14. Nc3 Rd8 15.
h3 Nb8 16. Ne5 c5 17. dxc5 Qxc5 18. Kh2 Nc6 19. Nd3 Qe7 20. cxd5 exd5 21. Nb5 d4
22. Rhe1 dxe3 23. Rxe3 Qd7 24. Rd1 Nd4 25. Nxd4 Qxd4 26. Nb2 Qb6 27. Nc4 Qc7 28.
Ne5 Qb6 29. Nc4 Qc7 30. Rxd8+ Qxd8 31. Rd3 Qc7 32. Rc3 Be6 33. Ne3 Qb6 34. Nc4
Qc7 35. Nd2 Qb6 36. Nc4 Qc7 {Game drawn by repetition} 1/2-1/2

[Event "Team 45 45 League T60"]
[Site "Internet Chess Club"]
[Date "2014.04.05"]
[Round "6"]
[White "imawesome"]
[Black "BigH"]
[Result "0-1"]
[WhiteElo "1860"]
[BlackElo "2116"]
[Opening "French: Tarrasch"]
[ECO "C03"]
[Time "08:21:59"]
[TimeControl "2700+45"]

1. e4 e6 2. d4 d5 3. Nd2 a6 4. Ngf3 Nf6 5. Bd3 c5 6. c3 Nc6 7. O-O cxd4 8. cxd4
Be7 9. Re1 Nb4 10. Bb1 dxe4 11. Nxe4 O-O 12. a3 Nbd5 13. Ne5 Bd7 14. Qd3 Bb5 15.
Qh3 Rc8 16. Ng5 g6 17. Ng4 Qa5 18. Nxf6+ Nxf6 19. Nf3 Qxe1+ 20. Nxe1 Rxc1 21.
Qe3 Rfc8 22. h3 Nd5 23. Qd2 Bd3 24. Qxd3 Rxe1+ 25. Kh2 Rcc1 26. Kg3 Bd6+ 27. Kf3
Nf4 28. Qd2 Rxb1 29. Rxb1 Rxb1 30. Qc2 Rf1 31. Qc8+ Kg7 32. g3 Nd5 33. Qxb7 Rd1
34. Qxa6 Be7 35. b4 Rxd4 36. Ke2 Nc3+ 37. Ke3 Rd1 38. Qb7 Ra1 39. Kd2 Nd5 40. b5
Rxa3 41. Qc6 Rd3+ 42. Ke2 Rb3 43. h4 Rxb5 44. Kf3 Rb3+ 45. Kg2 Rc3 46. Qa4 Bc5
47. Qa1 h5 48. Qb2 Bd4 49. Qd2 e5 {White resigns} 0-1

[Event "Team 45 45 League T60"]
[Site "Internet Chess Club"]
[Date "2014.04.12"]
[Round "6"]
[White "gump12345"]
[Black "MintyBlue"]
[Result "0-1"]
[WhiteElo "1983"]
[BlackElo "2164"]
[Opening "Ruy Lopez: closed, Chigorin, 12...c5d4"]
[ECO "C99"]
[Time "22:03:37"]
[TimeControl "2700+45"]

1. e4 e5 2. Nf3 Nc6 3. Bb5 a6 4. Ba4 Nf6 5. O-O Be7 6. Re1 b5 7. Bb3 d6 8. c3
O-O 9. h3 Na5 10. Bc2 c5 11. d4 Qc7 12. Nbd2 cxd4 13. cxd4 Nc6 14. Nb3 a5 15. d5
Nb4 16. Bb1 a4 17. Nbd2 Bd7 18. a3 Na6 19. b4 axb3 20. Nxb3 Rfc8 21. Bb2 Qb7 22.
Bd3 Bd8 23. Qd2 Nh5 24. Bf1 Nf4 25. Rac1 Bb6 26. Na5 Bxa5 27. Qxa5 Nc5 28. Qd2
Ra4 29. Ng5 h6 30. g3 hxg5 31. gxf4 gxf4 32. f3 b4 33. axb4 Rxb4 34. Ba3 Qa7 35.
Qxb4 Na6+ 36. Kg2 Nxb4 37. Rxc8+ Bxc8 38. Bxb4 Qd4 39. Rb1 Qe3 40. Bb5 Bxh3+ 41.
Kxh3 Qxf3+ 42. Kh2 Qg3+ 43. Kh1 f3 44. Bf1 f2 {White resigns} 0-1

[Event "Team 45 45 League T60"]
[Site "Internet Chess Club"]
[Date "2014.04.06"]
[Round "6"]
[White "Ptzz"]
[Black "Happybear"]
[Result "1-0"]
[WhiteElo "2076"]
[BlackElo "1892"]
[Opening "English: closed system"]
[ECO "A25"]
[Time "12:07:45"]
[TimeControl "2700+45"]

1. c4 e5 2. g3 Nc6 3. Bg2 g6 4. Nc3 Bg7 5. e4 d6 6. Nge2 Be6 7. d3 Nge7 8. O-O
O-O 9. Nd5 h6 10. Be3 f5 11. Rb1 g5 12. Nxe7+ Nxe7 13. exf5 Nxf5 14. Bxb7 Rb8
15. Bg2 Nxe3 16. fxe3 g4 17. Nc3 Qg5 18. Qe2 h5 19. Bd5 Bxd5 20. Nxd5 c6 21. Nc3
h4 22. Ne4 Qh6 23. Rxf8+ Rxf8 24. Rf1 d5 25. Rxf8+ Kxf8 26. cxd5 cxd5 27. Nc3
hxg3 28. hxg3 Qe6 29. e4 d4 30. Nd5 Qc6 31. Kg2 a5 32. Qxg4 Qc2+ 33. Kh3 Qxd3
34. Qf5+ Ke8 35. Qe6+ Kf8 36. Qf5+ Ke8 37. Nc7+ Ke7 38. Qe6+ Kd8 39. Qf7 Qd1 40.
Ne6+ Kc8 41. Qc7# {Black checkmated} 1-0

[Event "Team 45 45 League T60"]
[Site "Internet Chess Club"]
[Date "2014.04.06"]
[Round "6"]
[White "charles-allen"]
[Black "perikitosax"]
[Result "0-1"]
[WhiteElo "1901"]
[BlackElo "1997"]
[Opening "Petrov three knights game"]
[ECO "C26"]
[Time "09:04:32"]
[TimeControl "2700+45"]

1. e4 e5 2. Nc3 Nf6 3. Nf3 d6 4. d4 exd4 5. Nxd4 Be7 6. Be2 O-O 7. Be3 Re8 8. f3
d5 9. e5 c5 10. Bg5 cxd4 11. Qxd4 Nc6 {White resigns} 0-1

[Event "Team 45 45 League T60"]
[Site "Internet Chess Club"]
[Date "2014.04.07"]
[Round "6"]
[White "gerailen0075"]
[Black "nurmi"]
[Result "0-1"]
[WhiteElo "1864"]
[BlackElo "2019"]
[Opening "Nimzovich-Larsen attack: Indian variation"]
[ECO "A01"]
[Time "19:00:35"]
[TimeControl "2700+45"]

1. b3 Nf6 2. Bb2 d6 3. e3 g6 4. Nf3 Bg7 5. Be2 O-O 6. d4 Nbd7 7. c4 Re8 8. Nc3
c6 9. Qc2 e5 10. O-O-O Qa5 11. Kb1 Rb8 12. h3 b5 13. g4 b4 14. Na4 e4 15. Nd2
Ba6 16. Rdg1 d5 17. g5 Nh5 18. Bg4 f5 19. Bxh5 gxh5 20. Qd1 Rf8 21. Qxh5 dxc4
22. g6 h6 23. Nxc4 Bxc4 24. bxc4 Qxa4 25. d5 b3 26. a3 Qxc4 27. Bxg7 Qc2+ {White
resigns} 0-1

[Event "Team 45 45 League T60"]
[Site "Internet Chess Club"]
[Date "2014.04.06"]
[Round "6"]
[White "portis2"]
[Black "xt"]
[Result "0-1"]
[WhiteElo "1648"]
[BlackElo "1610"]
[Opening "Catalan: closed"]
[ECO "E01"]
[Time "13:10:34"]
[TimeControl "2700+45"]

1. d4 d5 2. c4 e6 3. g3 Nf6 4. Bg2 c6 5. Nf3 Nbd7 6. O-O dxc4 7. Nc3 Nd5 8. e4
N5f6 9. Re1 Bb4 10. a3 Be7 11. Bf4 O-O 12. Qe2 b5 13. e5 Nd5 14. Nxd5 cxd5 15.
h4 h6 16. Nh2 f5 17. exf6 Nxf6 18. Bh3 Re8 19. Bxe6+ Bxe6 20. Qxe6+ Kf8 21. Nf3
Bb4 22. axb4 Rxe6 23. Rxe6 Qd7 24. Raa6 Re8 25. Ne5 Qc8 26. Ng6+ Kf7 27. Ne5+
Kf8 28. Ng6+ Kf7 29. Ne5+ Kg8 30. Rxe8+ Nxe8 31. Rxa7 Nf6 32. Ng6 Kh7 33. Rc7
Qh3 34. Nf8+ Kg8 35. Ng6 Ng4 36. Rc8+ Kf7 37. Nh8+ Ke6 38. Be3 Nxe3 39. fxe3
Qxg3+ 40. Kf1 Qf3+ 41. Kg1 Qxe3+ 42. Kg2 Qe4+ 43. Kg3 Qd3+ 44. Kg2 Qe2+ 45. Kg3
Qe1+ 46. Kg2 Qxh4 47. Rc6+ Kd7 48. Rg6 Qe4+ 49. Kg3 Qxd4 50. Nf7 Qd3+ {White
resigns} 0-1

[Event "Team 45 45 League T60"]
[Site "Internet Chess Club"]
[Date "2014.04.07"]
[Round "6"]
[White "Achelous"]
[Black "Schachteufel"]
[Result "1/2-1/2"]
[WhiteElo "1644"]
[BlackElo "1648"]
[Opening "Two knights defense"]
[ECO "C55"]
[Time "17:08:25"]
[TimeControl "2700+45"]

1. e4 e5 2. Nf3 Nc6 3. Bc4 Nf6 4. Qe2 Bc5 5. c3 O-O 6. O-O d6 7. b4 Bb6 8. Bb2
Bg4 9. Rd1 Ne7 10. d4 Ng6 11. Nbd2 Qe7 12. d5 h6 13. b5 {Game drawn by mutual
agreement} 1/2-1/2